 Dungeon Crawl Stone Soup version 0.32-a0-938-g40ac7a0f4d (webtiles) character file.

Game seed: 3031978452375003710

213 mopl the Slasher (level 5, 0/41 HPs)
             Began as a Merfolk Fighter on Apr 15, 2024.
             Slain by an orc wizard
             ... wielding a +0 war axe
              (6 damage)
             ... on level 4 of the Dungeon.
             The game lasted 00:02:46 (2586 turns).

mopl the Slasher (Merfolk Fighter)                  Turns: 2586, Time: 00:02:47

Health: 0/41       AC: 12    Str: 18    XL:     5   Next: 90%
Magic:  5/5        EV:  3    Int:  8    God:
Gold:   169        SH:  4    Dex: 13    Spells: 4/4 levels left

rFire   . . .        r - +0 falchion (elec)
rCold   . . .        c - +0 buckler
rNeg    + . .        j - +0 plate armour
rPois   .            (no helmet)
rElec   .            n - +0 cloak
rCorr   .            (no gloves)
SInv    .            (no boots)
Will    .....        (no amulet) Stlth
                     f - ring of positive energy
HPRegen 0.26/turn    (no ring)
MPRegen 0.09/turn

%: no passive effects
@: no status effects
A: (nimble swimmer 2), mertail
a: no special abilities


You were on level 4 of the Dungeon.
You visited 1 branch of the dungeon, and saw 4 of its levels.

You collected 169 gold pieces.

Inventory:

Hand Weapons
 a - a +0 long sword
 r - a +0 falchion of electrocution (weapon)
Missiles
 l - 8 boomerangs (quivered)
 p - 6 poisoned darts
Armour
 c - a +0 buckler (worn)
 j - a +0 plate armour (worn)
 n - a +0 cloak (worn)
 o - the +2 leather armour "Wanea" {Fly rCorr}
   (You found it on level 3 of the Dungeon)

   Fly:       It grants you flight.
   rCorr:     It protects you from acid and corrosion.
 q - a +0 helmet
Jewellery
 f - a ring of positive energy (left hand)
 m - a ring of fire
Scrolls
 b - a scroll of noise {unknown}
 e - 2 scrolls of amnesia {unknown}
 g - 2 scrolls of identify {unknown}
 i - 3 scrolls of teleportation {unknown}
 k - a scroll of enchant weapon {unknown}
Potions
 d - a potion of might
 h - a potion of curing {unknown}


   Skills:
 - Level 3.2 Fighting
 + Level 7.2 Long Blades
 - Level 2.1 Armour
 - Level 3.0 Shields


You had 4 spell levels left.
You didn't know any spells.
Your spell library contained the following spells:

 Spells                   Type           Power      Damage    Failure   Level
 Freeze                   Ice            0%         1d3       100%        1
 Frozen Ramparts          Ice            0%         1d1       100%        3
 Hailstorm                Conj/Ice       0%         3d5       100%        3


Dungeon Overview and Level Annotations

Branches:
Dungeon (4/15)
 Temple: D:4-7

Altars:


Innate Abilities, Weirdness & Mutations

((You are very nimble when in or above water. (Stealth+, EV+, Speed+++)))
Your lower body shifts to a powerful aquatic tail in water.


Message History

You kill the giant cockroach!
You hit the orc. Lightning courses through the orc!
You kill the orc!
The orc throws a boomerang.
Something hits you!
Things that are here:
a +0 dagger; a +0 short sword; a +0 leather armour You miss something.
The orc throws a boomerang.
The boomerang hits you but does no damage.
Something hits you.
You miss something. Something hits you.
You closely miss something. Something hits you.
You barely miss something. Something hits you.
You are too injured to fight recklessly!
You are too injured to fight recklessly!
You are too injured to fight recklessly!
You are too injured to fight recklessly!
You are too injured to fight recklessly!
You are too injured to fight recklessly!
You are too injured to fight recklessly!
You are too injured to fight recklessly!
You are too injured to fight recklessly!
You are too injured to fight recklessly!
You are too injured to fight recklessly!
You are too injured to fight recklessly!
You are too injured to fight recklessly!
You are too injured to fight recklessly!
You are too injured to fight recklessly!
You barely miss something. Something hits you.
You closely miss something. Something hits you but does no damage.
You miss something.
You hear some strange, mumbled words.
A magic dart appears from out of thin air!
The magic dart hits you.
* * * LOW HITPOINT WARNING * * *
You barely miss something. Something hits you.
* * * LOW HITPOINT WARNING * * *
You closely miss something. Something hits you.
* * * LOW HITPOINT WARNING * * *
You hit something. Something hits you.
You die...

.o. ♣~~~.# ...
..♣♣~~~P# ... .
P~~~♣~.##.#
#P♣♣~~~~....
#..~~~♣...#
#..~~~....#
♣....P.#o#
#.....##{# #..♣P#
#@# ####P...###)#
............#
######...#####
........########.#
#######..oo.o....#
##### #.##########
....# #.# ###.#
##.##


You could see an orc.

Vanquished Creatures
  An orc priest (D:4)
  Natasha (thrice) (D:2)
  2 adders
  3 dart slugs
  A ribbon worm (D:2)
  9 orcs
  6 bats
  3 endoplasms
  3 giant cockroaches
  6 goblins
  3 hobgoblins
  8 jackals
  6 kobolds
  2 quokkas (D:1)
  8 ball pythons
  3 frilled lizards
  3 rats
70 creatures vanquished.

Notes
Turn   | Place    | Note
-------+----------+-------------------------------------------
     0 | D:1      | mopl the Merfolk Fighter began the quest for the Orb.
     0 | D:1      | Reached XP level 1. HP: 18/18 MP: 1/1
    10 | D:1      | You fall into a shaft and drop 1 floor!
   167 | D:1      | Reached skill level 3 in Long Blades
   292 | D:1      | Reached XP level 2. HP: 24/24 MP: 2/2
   559 | D:1      | Reached skill level 4 in Long Blades
   583 | D:1      | Reached XP level 3. HP: 23/29 MP: 3/3
   840 | D:2      | Found a faded altar of an unknown god.
   938 | D:2      | Identified the +1 dagger of the Battered Dances {flame, rC-
                  | rN+ Stlth+}
  1000 | D:2      | Noticed Natasha
  1021 | D:2      | Killed Natasha
  1022 | D:2      | Reached skill level 5 in Long Blades
  1022 | D:2      | Reached XP level 4. HP: 13/35 MP: 4/4
  1329 | D:2      | Noticed Natasha
  1339 | D:2      | Killed Natasha
  1686 | D:2      | Noticed Natasha
  1691 | D:2      | Killed Natasha
  1692 | D:2      | Reached skill level 6 in Long Blades
  1692 | D:2      | Reached XP level 5. HP: 41/41 MP: 5/5
  2261 | D:3      | Identified the +2 leather armour "Wanea" {Fly rCorr}
  2485 | D:4      | Reached skill level 7 in Long Blades
  2586 | D:4      | Slain by an orc wizard

Illustrated notes

Levels and vault maps discovered:
D:1:      lightli_molten_gateway, layout_loops_cross, serial_forest,
          infiniplex_forest_3_way, infiniplex_forest_clump_long,
          infiniplex_forest_straight_3, infiniplex_forest_straight_4,
          infiniplex_forest_clump_tiny, infiniplex_forest_clump_medium
D:2:      layout_loops_corners, basic_ecumenical_altar, minmay_misc_feat_chi,
          minmay_misc_feat_room, uniq_natasha
D:3:      layout_basic, st_stairs_14
D:4:      layout_loops_ring, minitemple, minmay_temple_entry_mist,
          minmay_misc_feat_rows, serial_bayou_pond_a, uniq_eustachio, uniq_ijyb

Skill      XL: |  1  2  3  4  5 |
---------------+----------------+-----
Long Blades    | 3 4 5 6 7 |  7.2
Fighting       | |  3.2
Armour         | |  2.1
Shields        | |  3.0

Action                     |  1- 3 |  4- 6 || total
---------------------------+-------+-------++-------
  Melee: Long sword        |    95 |   127 ||   222
         Falchion          |       |    19 ||    19
 Armour: Scale mail        |    14 |       ||    14
         Chain mail        |    50 |       ||    50
         Plate armour      |    15 |   151 ||   166
  Dodge: Dodged            |    27 |    29 ||    56
  Block: Buckler           |    25 |    34 ||    59

Table legend: (Time is in decaauts)
 A = Elapsed time spent in this place.
 B = Non-inter-level travel time spent in this place.
 C = Inter-level travel time spent in this place.
 D = Time resting spent in this place.
 E = Time spent auto-exploring this place.
 F = Levels seen in this place.
 G = Mean time per level.
                   A        B        C        D        E       F      G
               +--------+--------+--------+--------+--------+-----+--------+
         Total |   2639 |   2420 |    219 |     84 |   1779 |   4 |  659.8 |
       Dungeon |   2639 |   2420 |    219 |     84 |   1779 |   4 |  659.8 |
               +--------+--------+--------+--------+--------+-----+--------+

Top non-repeatable levels by time:
     D:2: 1043 daAuts
     D:1: 708 daAuts
     D:3: 692 daAuts
     D:4: 195 daAuts
